Unix NetHack Version 5.0.0-0 post-release - last build May 17 2026 04:57:42 (dc50c8380fa5e20985bfe3072449f57b8d9895ef,branch:main).

Game began 2026-05-17 16:47:28, ended 2026-05-17 17:06:21.

IanCurtis, chaotic male elven Wizard

                                                      -----------    -----
                                   ------  ###########...........#  #-...|
         --------------            |....|  #          |.........|#  #|...|
         |............|            |.....# #          |.........|#  #|...|
         |............-###         |....|###       ###-.........|#  #-----
         ---.----------  ##########-.....#)###s@#### #-----------#  #
            #                      ---|--##          ##          #  #
            #                             #`          ##         #  #
            #                                          #         #  ##
            #                                          #        ##   #
            #                                          #       ##    #
            #                                  ------| #       #-----#
            #                                  |......|#       #|...|#
     -------|-------                           ........#       #.[...#
     |..............########                   |......|         |...|
     |.......<.....|                          #------- #########....|
     |.)...........|                           #########        -----
     |.............|          ####       #######
     ---------------             #########

IanCurtis the Conjurer    St:11 Dx:12 Co:14 In:18 Wi:9 Ch:12  Chaotic
Dlvl:5  $:59 HP:0(17) Pw:10(28) AC:9  Xp:3 T:1077 

Latest messages:
 You are beginning to feel hungry.
 You stop searching.
 You kill the newt!
 You see here a scroll labeled DAIYEN FOOELS.
 A - a scroll labeled DAIYEN FOOELS.
 What do you want to eat? [rz or ?*] ?
 Blecch!  Rotten food!
 You feel rather light headed.
 You feel less confused now.
 You are beginning to feel hungry.
 What do you want to eat? [r or ?*] ?
 This food really hits the spot!
 You finish eating the food ration.
 You hit the kobold lord!
 The kobold lord hits!
 You miss the kobold lord.
 You kill the kobold lord!
 Welcome to experience level 3.
 You see here a ring of searching.
 C - a ring of searching.
 You hear a door open.
 The hobbit throws an elven dagger!
 You are hit by an elven dagger.
 The hobbit just misses!
 In what direction? j
 The spell hits the hobbit!
 You miss the hobbit.
 The hobbit hits!
 You miss the hobbit.
 The cave spider bites!
 You miss the hobbit.
 The hobbit hits!
 The cave spider bites!
 You see the cave spider hide under an elven dagger.
 In what direction? h
 The spell misses the hobbit.
 In what direction? h
 The spell hits the hobbit!
 You kill the hobbit!
 In what direction? l
 The spell hits the floating eye!
 You kill the floating eye!
 You see here a floating eye corpse.
 There is a floating eye corpse here; eat it? [ynq] (n) y
 This floating eye corpse is gamey.
 You finish eating the floating eye corpse.
 You feel a strange mental acuity.
 The cave spider bites!
 You die...
 Do you want your possessions identified? [ynq] (y) q

Inventory:
 Coins    ('$')
  $ - 59 gold pieces
 Weapons  (')')
  a - a blessed +1 quarterstaff (weapon in hands)
 Armor    ('[')
  y - an uncursed +0 orcish helm
  b - an uncursed +0 cloak of magic resistance (being worn)
 Comestibles  ('%')
  r - an uncursed food ration
 Scrolls  ('?')
  i - an uncursed scroll of blank paper
  t - an uncursed scroll of blank paper
  p - an uncursed scroll of charging
  j - an uncursed scroll of enchant armor
  w - a blessed scroll of enchant weapon
  A - an uncursed scroll of enchant weapon
  k - an uncursed scroll of identify
  v - an uncursed scroll of scare monster
  x - a blessed scroll of teleportation
 Spellbooks  ('+')
  l - a blessed spellbook of force bolt
  m - a blessed spellbook of identify
 Potions  ('!')
  h - a blessed potion of enlightenment
  f - an uncursed potion of enlightenment
  g - an uncursed potion of monster detection
 Rings    ('=')
  q - a cursed ring of hunger named cursed
  e - an uncursed ring of searching
  C - an uncursed ring of searching
  d - an uncursed ring of stealth
 Wands    ('/')
  c - a wand of speed monster (0:4)
 Tools    ('(')
  o - an uncursed wooden flute
  n - a magic marker (0:21)

IanCurtis the Wizard's attributes:

Background:
 You were a Conjurer, a level 3 male elven Wizard.
 You were chaotic, nominally on a mission for Anhur
 who was opposed by Ptah (lawful) and Thoth (neutral).
 You were right-handed.
 You were in the Dungeons of Doom, on level 5.
 You entered the dungeon 1077 turns ago.
 There was a new moon in effect when your adventure ended.
 You had 62 experience points, 18 more were needed to attain level 4.

Basics:
 You had 0 out of 17 hit points.
 You had 10 out of 28 energy points (spell power).
 Your armor class was 9.
 Your wallet contained 59 zorkmids.
 Autopickup was off.

Final Characteristics:
 Your strength was 11 (limit:18).
 Your dexterity was 12 (limit:18).
 Your constitution was 14 (limit:16).
 Your intelligence was 18 (limit:20).
 Your wisdom was 9 (limit:20).
 Your charisma was 12 (limit:18).

Final Status:
 You weren't hungry.
 You were unencumbered.
 You were wielding a quarterstaff.
 You had basic skill with quarterstaff.

Final Attributes:
 You were devoutly aligned.
 You were magic-protected.
 You were telepathic.
 You had infravision.
 You were warded.
 You are dead.

Miscellaneous:
 You didn't encounter any bones levels.
 Total elapsed playing time was 18 minutes and 53 seconds.

Major events:
 Turn
    1: IanCurtis the chaotic male elven Wizard entered the dungeon
 1016: attained the rank of Conjurer (level 3)
 1077: killed by a cave spider

Spells:
 Name                 Level Category     Fail Retention
 force bolt             1   attack         0%  91%-100%
 identify               3   divination    79%  76%-100%

Skills:
 Fighting Skills
   bare handed combat [Unskilled]
   riding             [Unskilled]
 Weapon Skills
   dagger             [Unskilled]
   knife              [Unskilled]
   axe                [Unskilled]
   short sword        [Unskilled]
   club               [Unskilled]
   mace               [Unskilled]
   quarterstaff       [Basic]
   polearms           [Unskilled]
   spear              [Unskilled]
   trident            [Unskilled]
   sling              [Unskilled]
   dart               [Unskilled]
   shuriken           [Unskilled]
 Spellcasting Skills
   attack spells      [Basic]
   healing spells     [Unskilled]
   divination spells  [Unskilled]
   enchantment spells [Basic]
   clerical spells    [Unskilled]
   escape spells      [Unskilled]
   matter spells      [Unskilled]

Voluntary challenges:
 Character rerolling was not enabled.
 You were an atheist.
 You were illiterate.
 You never genocided any monsters.
 You never polymorphed an object.
 You never changed form.
 You used no wishes.
Achievements:
 You entered a shop.
 You attained the rank of Conjurer.

 The Dungeons of Doom: levels 1 to 5
    Level 1:
    Level 2:
       A general store, a fountain.
    Level 3:
       A fountain.
    Level 4:
       A fountain.
    Level 5: <- You were here.
       Final resting place for
          you, killed by a cave spider.


Vanquished creatures:
  a floating eye
  a kobold leader
 an iguana
  a hobbit
  a manes
  a hobgoblin
  4 jackals
  4 grid bugs
  3 lichens
  a kobold zombie
  5 newts
23 creatures vanquished.

No species were genocided or became extinct.

Game over:
                       ----------
                      /          \
                     /    REST    \
                    /      IN      \
                   /     PEACE      \
                  /                  \
                  |    IanCurtis     |
                  |      59 Au       |
                  | killed by a cave |
                  |      spider      |
                  |                  |
                  |                  |
                  |       2026       |
                 *|     *  *  *      | *
        _________)/\\_//(\/(/\)/\//\/|_)_______

Goodbye IanCurtis the Wizard...

You died in The Dungeons of Doom on dungeon level 5 with 502 points,
and 59 pieces of gold, after 1077 moves.
You were level 3 with a maximum of 17 hit points when you died.

